 Dungeon Crawl Stone Soup version 0.23-b1-13-gf37ab262a9 (webtiles) character file.

Game seed: 4910767356544121669

86850 LostNumber the Thaumaturge (level 15, -16/118 HPs)
             Began as a Gnoll Warper on Feb 2, 2019.
             Was the Champion of Nemelex Xobeh.
             Killed from afar by a wizard (44 damage)
             ... with a crystal spear
             ... on level 13 of the Dungeon.
             The game lasted 01:08:05 (28461 turns).

LostNumber the Thaumaturge (Gnoll Warper)          Turns: 28461, Time: 01:08:06

Health: -16/118    AC: 21    Str: 19    XL:     15   Next: 88%
Magic:  30/30      EV: 17    Int: 16    God:    Nemelex Xobeh [******]
Gold:   2243       SH: 19    Dex: 15    Spells: 12/36 levels left

rFire    + . .     SeeInvis .   v - +4 broad axe (flame)
rCold    . . .     Gourm    .   N - +2 shield
rNeg     . . .     Faith    .   V - +2 chain mail {rF+}
rPois    +         Spirit   .   C - +1 hat
rElec    .         Reflect  +   Q - +2 cloak
rCorr    .         Harm     .   (no gloves)
MR       +....                  u - +2 pair of boots
Stlth    +.........             n - +5 amulet of reflection
HPRegen  0.29/turn              P - +4 ring of evasion
MPRegen  0.22/turn              J - ring of poison resistance

@: no status effects
A: distributed training, fangs 1, strong nose
a: Draw Escape, Draw Destruction, Draw Summoning, Draw Stack, Triple Draw, Deal
Four, Stack Five, Renounce Religion


You were on level 13 of the Dungeon.
You worshipped Nemelex Xobeh.
Nemelex Xobeh was exalted by your worship.
You were very hungry.

You visited 2 branches of the dungeon, and saw 19 of its levels.
You also visited: Ossuary, Ice Cave and Volcano.

You collected 2243 gold pieces.

Inventory:

Hand Weapons
 v - a +4 broad axe of flaming (weapon)
Missiles
 e - 5 tomahawks of dispersal (quivered)
 L - 3 tomahawks
Armour
 u - a +2 pair of boots (worn)
 C - a +1 hat (worn)
 F - +0 fire dragon scales
 N - a +2 shield (worn)
 Q - a +2 cloak (worn)
 V - a +2 chain mail of fire resistance (worn)
Jewellery
 a - an uncursed ring of protection from magic
 l - an uncursed amulet of the acrobat {unknown}
 m - the ring of Doafinga {MR+ Dex+2 Stlth+, unknown}
   (You found it on level 12 of the Dungeon)

   [ring of dexterity]

   It affects your dexterity (+2).
   It affects your resistance to hostile enchantments.
   It makes you more stealthy.
 n - a +5 amulet of reflection (around neck)
 G - an uncursed amulet of rage {unknown}
 J - a ring of poison resistance (right hand)
 P - a +4 ring of evasion (left hand)
Wands
 b - a wand of iceblast (11)
 x - a wand of polymorph (22)
 E - a wand of paralysis (22)
 I - a wand of digging (4)
 T - a wand of flame (38)
 Y - a wand of acid (13)
 Z - a wand of disintegration (25)
Scrolls
 d - 6 scrolls of blinking
 g - 14 scrolls of remove curse
 i - 4 scrolls of enchant armour
 j - 6 scrolls of immolation
 p - 9 scrolls of teleportation
 s - a scroll of magic mapping
 y - 8 scrolls of fog
 H - a scroll of silence
 O - a scroll of fear
Potions
 c - 2 potions of invisibility
 h - 4 potions of agility
 k - 6 potions of haste
 o - 4 potions of magic
 q - 3 potions of berserk rage
 r - a potion of might
 t - 3 potions of heal wounds
 w - a potion of flight {unknown}
 z - 4 potions of resistance
 A - 7 potions of curing
 B - 5 potions of brilliance
 D - a potion of ambrosia {unknown}
 K - 2 potions of lignification
 W - 2 potions of degeneration {unknown}
Miscellaneous
 S - a lamp of fire
 U - 2 phantom mirrors
Comestibles
 f - 47 rations


   Skills:
 + Level 11.1 Fighting
 + Level 10.2 Short Blades
 + Level 11.1 Long Blades
 + Level 10.2 Axes
 + Level 10.2 Maces & Flails
 + Level 10.2 Polearms
 + Level 10.2 Staves
 + Level 10.2 Slings
 + Level 10.2 Bows
 + Level 10.2 Crossbows
 + Level 10.5 Throwing
 + Level 10.5 Armour
 + Level 11.1 Dodging
 + Level 10.2 Stealth
 + Level 10.2 Shields
 + Level 10.2 Unarmed Combat
 + Level 11.3 Spellcasting
 + Level 8.6 Conjurations
 + Level 8.6 Hexes
 + Level 8.6 Charms
 + Level 8.6 Summonings
 + Level 8.6 Necromancy
 + Level 10.2 Translocations
 + Level 8.6 Transmutations
 + Level 8.6 Fire Magic
 + Level 8.6 Ice Magic
 + Level 8.6 Air Magic
 + Level 8.6 Earth Magic
 + Level 8.6 Poison Magic
 + Level 11.0 Invocations
 + Level 10.2 Evocations


You had 12 spell levels left.
You knew the following spells:

 Your Spells              Type           Power        Failure   Level  Hunger
a - Blink                 Tloc           N/A          2%          2    None
b - Shroud of Golubria    Chrm/Tloc      #####.....   3%          2    None
c - Lesser Beckoning      Tloc           #####.....   4%          3    None
d - Teleport Other        Tloc           #####...     4%          3    None
e - Passage of Golubria   Tloc           N/A          17%         4    ###....
f - Mephitic Cloud        Conj/Pois/Air  #####...     10%         3    None
g - Olgreb's Toxic Radia  Pois           #####...     32%         4    ###....
h - Conjure Flame         Conj/Fire      #####...     10%         3    None

Your spell library contained the following spells:

 Spells                   Type           Power        Failure   Level  Hunger
 Magic Dart               Conj           ####         3%          1    None
 Sting                    Conj/Pois      ####         3%          1    None
 Call Imp                 Summ           #####...     4%          2    None
 Ensorcelled Hibernation  Hex/Ice        #####.       4%          2    None
 Poisonous Vapours        Pois/Air       #####.       4%          2    None
 Slow                     Hex            #####...     4%          2    None
 Gell's Gravitas          Tloc           #####.....   4%          3    None
 Borgnjor's Vile Clutch   Necr/Erth      #####.....   65%         5    #####..
 Silence                  Hex/Air        #####.....   65%         5    #####..
 Venom Bolt               Conj/Pois      #####.....   65%         5    #####..
 Darkness                 Hex            #####.....   99%         6    ######.
 Shadow Creatures         Summ           N/A          99%         6    ######.


Dungeon Overview and Level Annotations

Branches:
Dungeon (13/15)            Temple (0/1) D:4            Lair (6/6) D:9
  Swamp (0/4) Lair:2       Spider (0/4) Lair:2        Slime (0/5) Lair:5
    Orc (0/2) D:9
 Vaults: D:13-14

Altars:
Ashenzari
Cheibriados
Dithmenos
Hepliaklqana
Kikubaaqudgha
Nemelex Xobeh
Sif Muna
Vehumet
Yredelemnul

Portals:
Trove: D:12 (give +3 storm dragon scales)

Annotations:
Lair:1 2 transporters, Ceckukk's ghost, journeyman GrEE
Abyss:1 Erica


Innate Abilities, Weirdness & Mutations

Your experience applies equally to all skills.
You have very sharp teeth.
Your uncanny sense of smell can sniff out nearby items.


Message History

You block the troll simulacrum's attack.
The troll simulacrum barely misses you. The troll simulacrum misses you.
A purple ugly thing comes into view.
You hit the troll simulacrum.
You melt the troll simulacrum.
The troll simulacrum is almost destroyed.
You slash the two-headed ogre! You burn the two-headed ogre.
The necromancer casts a spell.
The necromancer binds the souls of nearby monsters.
You block the two-headed ogre's attack. x2
The troll simulacrum barely misses you.
The troll simulacrum completely misses you.
The troll simulacrum claws you. The troll simulacrum freezes you!
* * * LOW HITPOINT WARNING * * *
You slash the troll simulacrum!
You melt the troll simulacrum.
The troll simulacrum vapourises!
You slash the two-headed ogre! You burn the two-headed ogre.
The wizard casts a spell at you. The crystal spear hits you!!!
You die...
Your body disappears without a glow.

###
#..
#.#
#p#
#p#
#☼#
#@#
#O#
#y#


HKo ouY ##.## #.# #(# You could see a purple ugly thing, a two-headed ogre, a
manticore, a necromancer, a wizard, a vampire mosquito, a sky beast, a big
kobold and 2 orcs.

Vanquished Creatures
  The ghost of Qeimiotua the Blocker, a journeyman MiFi of Okawaru (Lair:5)
  2 fire dragons
  Harold (Lair:1)
  5 hydras
  2 catoblepae (Lair:6)
  3 centaur warriors
  2 two-headed ogres
  Urug (D:12)
  7 death yaks (Lair:6)
  2 unseen horrors (D:12)
  A swamp dragon (Lair:6)
  Pikel (D:6)
  3 lindwurms
  2 ugly things
  5 manticores
  3 cyclopes
  26 elephants
  Maurice (D:9)
  2 black mambas (Lair:6)
  A torpor snail (Lair:6)
  Joseph (D:7)
  14 spiny frogs
  A molten gargoyle (Volcano)
  A gargoyle (D:11)
  7 rime drakes (Lair:6)
  A centaur skeleton (D:13)
  5 komodo dragons
  A queen bee (shapeshifter) (D:11)
  A polar bear (Lair:6)
  6 trolls
  2 hornets
  2 jumping spiders (Lair:2)
  Prince Ribbit (D:8)
  2 dream sheep (Lair:6)
  35 blink frogs
  10 hippogriffs
  A shadow (D:12)
  2 wraiths
  6 redbacks (Lair:2)
  71 yaks
  7 wyverns
  8 fire bats (Volcano)
  2 vampire mosquitoes (D:12)
  Grum (D:8)
  14 basilisks
  2 hungry ghosts (D:8)
  5 steam dragons
  Menkaure (D:6)
  An acid dragon (Lair:6)
  Duvessa (D:4)
  A swamp drake (Lair:6)
  2 hell hounds (Volcano)
  13 water moccasins
  12 porcupines
  2 black bears
  3 sky beasts
  An eye of draining (D:12)
  5 phantoms
  3 orc warriors
  A necrophage (D:12)
  18 wolves
  A boggart (IceCv)
  8 ogres
  18 centaurs
  16 crocodiles
  A big kobold (D:9)
  13 bullfrogs
  A wyvern skeleton (D:11)
  Dowan (D:4)
  A water moccasin zombie (D:12)
  2 water moccasin skeletons
  8 scorpions
  3 troll zombies (D:9)
  6 killer bees
  4 howler monkeys
  6 wights
  2 centaur zombies
  6 crimson imps
  2 bullfrog zombies
  5 lava snakes (Volcano)
  A quasit (D:10)
  4 orc priests
  5 hounds
  A human zombie (Ossuary)
  3 bullfrog skeletons
  5 jellies
  11 iguanas
  Natasha (thrice) (D:3)
  10 orc wizards
  15 worker ants
  4 hell rats (Lair:2)
  A big kobold zombie (Ossuary)
  5 ogre zombies (D:9)
  A hound zombie (D:6)
  A hound skeleton (D:7)
  2 mummies (Ossuary)
  A worker ant zombie (D:9)
  14 adders
  11 gnolls
  3 river rats (Lair:2)
  2 shadow imps
  2 adder skeletons
  An adder zombie (D:7)
  2 worms
  A dart slug (D:3)
  3 leopard geckos
  44 orcs
  A ball python (D:2)
  2 giant cockroaches
  2 gnoll zombies (Ossuary)
  6 goblins
  5 hobgoblins
  7 jackals (D:1)
  11 kobolds
  6 quokkas
  6 bats
  10 frilled lizards
  8 goblin zombies
  3 hobgoblin skeletons (D:9)
  5 hobgoblin zombies
  A jackal skeleton (D:8)
  2 orc skeletons (D:9)
  16 orc zombies
  14 rats
  A fungus (D:9)
  A plant (Lair:5)
711 creatures vanquished.

Vanquished Creatures (collateral kills)
  Snorg (Lair:3)
  A hydra (Lair:2)
  An ugly thing (IceCv)
  An elephant (Lair:3)
  2 water moccasins (IceCv)
  2 tengu (IceCv)
  A big kobold (IceCv)
9 creatures vanquished.

Vanquished Creatures (others)
  A centaur warrior (D:13)
  A redback (Lair:2)
  A sky beast (D:11)
  An orc warrior (D:11)
  A slave (D:6)
  A swamp drake (Lair:6)
  3 wolves
  6 centaurs
  A quasit (D:5)
  An orc priest (D:3)
  2 orc wizards (D:5)
  An orc (D:3)
  4 bushes
  27 fungi
  33 plants
84 creatures vanquished.

Grand Total: 804 creatures vanquished

Notes
Turn   | Place    | Note
-------+----------+-------------------------------------------
     0 | D:1      | LostNumber the Gnoll Warper began the quest for the Orb.
     0 | D:1      | Reached XP level 1. HP: 20/20 MP: 6/6
   235 | D:1      | Reached XP level 2. HP: 18/26 MP: 7/7
   333 | D:1      | Learned a level 2 spell: Blink
   336 | D:1      | Learned a level 2 spell: Shroud of Golubria
   668 | D:1      | Found a snail-covered altar of Cheibriados.
   675 | D:1      | Reached XP level 3. HP: 30/31 MP: 9/9
   751 | D:1      | Reached skill level 5 in Spellcasting
  1116 | D:2      | Reached skill level 1 in Invocations
  1444 | D:2      | Reached skill level 1 in Short Blades
  1444 | D:2      | Reached skill level 1 in Axes
  1444 | D:2      | Reached skill level 1 in Maces & Flails
  1444 | D:2      | Reached skill level 1 in Polearms
  1444 | D:2      | Reached skill level 1 in Staves
  1444 | D:2      | Reached skill level 1 in Slings
  1444 | D:2      | Reached skill level 1 in Bows
  1444 | D:2      | Reached skill level 1 in Crossbows
  1444 | D:2      | Reached skill level 1 in Stealth
  1444 | D:2      | Reached skill level 1 in Shields
  1444 | D:2      | Reached skill level 1 in Unarmed Combat
  1444 | D:2      | Reached skill level 1 in Evocations
  1452 | D:2      | Reached XP level 4. HP: 14/38 MP: 9/11
  1640 | D:2      | Learned a level 3 spell: Lesser Beckoning
  1644 | D:2      | Learned a level 3 spell: Teleport Other
  1673 | D:2      | Found a sparkling altar of Nemelex Xobeh.
  1709 | D:2      | Became a worshipper of Nemelex Xobeh the Trickster
  2089 | D:3      | Received a gift from Nemelex Xobeh
  2294 | D:3      | Reached skill level 1 in Conjurations
  2294 | D:3      | Reached skill level 1 in Hexes
  2294 | D:3      | Reached skill level 1 in Charms
  2294 | D:3      | Reached skill level 1 in Summonings
  2294 | D:3      | Reached skill level 1 in Necromancy
  2294 | D:3      | Reached skill level 1 in Transmutations
  2294 | D:3      | Reached skill level 1 in Fire Magic
  2294 | D:3      | Reached skill level 1 in Ice Magic
  2294 | D:3      | Reached skill level 1 in Air Magic
  2294 | D:3      | Reached skill level 1 in Earth Magic
  2294 | D:3      | Reached skill level 1 in Poison Magic
  2295 | D:3      | Reached XP level 5. HP: 43/43 MP: 10/12
  2343 | D:3      | Noticed Natasha
  2357 | D:3      | Killed Natasha
  2611 | D:3      | Reached XP level 6. HP: 42/50 MP: 13/13
  2629 | D:3      | Noticed Natasha
  2836 | D:3      | Killed Natasha
  2916 | D:3      | Noticed Natasha
  2960 | D:3      | Killed Natasha
  3119 | D:3      | Learned a level 4 spell: Passage of Golubria
  3587 | D:3      | Found a basalt altar of Yredelemnul.
  3594 | D:3      | Found a hazy altar of Hepliaklqana.
  3872 | D:3      | Reached skill level 5 in Fighting
  3872 | D:3      | Reached skill level 5 in Long Blades
  3872 | D:3      | Reached skill level 5 in Dodging
  4091 | D:4      | Found a staircase to the Ecumenical Temple.
  4146 | D:4      | Reached * piety under Nemelex Xobeh
  4150 | D:4      | Noticed Duvessa
  4150 | D:4      | Noticed Dowan
  4184 | D:4      | Killed Duvessa
  4184 | D:4      | Reached XP level 7. HP: 54/56 MP: 15/15
  4189 | D:4      | Killed Dowan
  4715 | D:5      | Entered Level 5 of the Dungeon
  4715 | D:5      | Found an ancient bone altar of Kikubaaqudgha.
  5089 | D:5      | Reached XP level 8. HP: 40/63 MP: 16/16
  5332 | D:5      | Found a deep blue altar of Sif Muna.
  5333 | D:5      | Found a radiant altar of Vehumet.
  5714 | D:6      | Received a gift from Nemelex Xobeh
  5731 | D:6      | Noticed Pikel
  5731 | D:6      | Noticed Menkaure
  5750 | D:6      | Killed Pikel
  5757 | D:6      | Killed Menkaure
  5822 | D:6      | Reached XP level 9. HP: 50/69 MP: 18/18
  5840 | D:6      | Reached ** piety under Nemelex Xobeh
  5879 | D:6      | Found a sand-covered staircase.
  5888 | Ossuary  | Entered an ossuary
  6491 | D:6      | Reached skill level 5 in Throwing
  6491 | D:6      | Reached skill level 5 in Armour
  7350 | D:7      | Reached skill level 5 in Invocations
  7536 | D:7      | Noticed Joseph
  7540 | D:7      | Killed Joseph
  7645 | D:7      | Reached XP level 10. HP: 77/77 MP: 20/20
  7845 | D:7      | Received a gift from Nemelex Xobeh
  7949 | D:8      | Noticed Grum
  7980 | D:7      | Reached skill level 5 in Short Blades
  7980 | D:7      | Reached skill level 5 in Axes
  7980 | D:7      | Reached skill level 5 in Maces & Flails
  7980 | D:7      | Reached skill level 5 in Polearms
  7980 | D:7      | Reached skill level 5 in Staves
  7980 | D:7      | Reached skill level 5 in Slings
  7980 | D:7      | Reached skill level 5 in Bows
  7980 | D:7      | Reached skill level 5 in Crossbows
  7980 | D:7      | Reached skill level 5 in Stealth
  7980 | D:7      | Reached skill level 5 in Shields
  7980 | D:7      | Reached skill level 5 in Unarmed Combat
  7980 | D:7      | Reached skill level 5 in Evocations
  8045 | D:8      | Killed Grum
  8436 | D:8      | Noticed a two-headed ogre
  8437 | D:8      | Noticed Erica
  8447 | D:8      | Killed a two-headed ogre
  8454 | D:8      | Banished Erica
  8747 | D:8      | Found a shattered altar of Ashenzari.
  8759 | D:8      | Found a shadowy altar of Dithmenos.
  8837 | D:8      | Noticed Prince Ribbit
  8940 | D:8      | Killed Prince Ribbit
  9064 | D:8      | Reached *** piety under Nemelex Xobeh
  9451 | D:9      | Found a staircase to the Orcish Mines.
  9776 | D:9      | Reached XP level 11. HP: 41/84 MP: 22/22
  9975 | D:9      | Noticed Maurice
 10200 | D:9      | Killed Maurice
 10312 | D:9      | Found a staircase to the Lair.
 10316 | D:9      | Received a gift from Nemelex Xobeh
 10744 | D:9      | Reached skill level 5 in Conjurations
 10744 | D:9      | Reached skill level 5 in Hexes
 10744 | D:9      | Reached skill level 5 in Charms
 10744 | D:9      | Reached skill level 5 in Summonings
 10744 | D:9      | Reached skill level 5 in Necromancy
 10744 | D:9      | Reached skill level 5 in Transmutations
 10744 | D:9      | Reached skill level 5 in Fire Magic
 10744 | D:9      | Reached skill level 5 in Ice Magic
 10744 | D:9      | Reached skill level 5 in Air Magic
 10744 | D:9      | Reached skill level 5 in Earth Magic
 10744 | D:9      | Reached skill level 5 in Poison Magic
 10846 | D:9      | Received a gift from Nemelex Xobeh
 10962 | Lair:1   | Entered Level 1 of the Lair of Beasts
 11207 | D:10     | Entered Level 10 of the Dungeon
 11347 | D:10     | Reached **** piety under Nemelex Xobeh
 11412 | D:10     | Received a gift from Nemelex Xobeh
 11539 | D:10     | Received a gift from Nemelex Xobeh
 12022 | D:11     | Found a frozen archway.
 12033 | IceCv    | Entered an ice cave
 12033 | IceCv    | Noticed a white ugly thing
 12042 | IceCv    | Killed a purple ugly thing
 12046 | IceCv    | Found a transporter.
 12175 | IceCv    | Learned a level 3 spell: Mephitic Cloud
 12265 | IceCv    | Noticed a white ugly thing
 12269 | IceCv    | Found a transporter.
 12354 | D:11     | Noticed a cyclops
 12735 | D:11     | Noticed a centaur warrior
 12742 | D:10     | Killed a centaur warrior
 12768 | D:11     | Reached XP level 12. HP: 76/93 MP: 24/24
 13062 | D:11     | Reached ***** piety under Nemelex Xobeh
 13647 | D:11     | Received a gift from Nemelex Xobeh
 13656 | D:11     | Noticed a centaur warrior
 13670 | D:11     | Killed a centaur warrior
 13920 | D:11     | Noticed a centaur warrior
 13929 | D:11     | Killed a centaur warrior
 13984 | D:11     | Noticed Sonja
 13986 | D:11     | Noticed Sonja
 13986 | D:11     | Sonja changed into Sonja the shapeshifter
 13987 | D:11     | Noticed Sonja
 13987 | D:11     | Sonja the shapeshifter changed into Sonja the raiju
 13991 | D:11     | Noticed Sonja
 13991 | D:11     | Sonja the raiju changed into Sonja the queen bee
 14000 | D:11     | Killed Sonja the queen bee
 14215 | D:11     | Learned a level 4 spell: Olgreb's Toxic Radiance
 14340 | D:11     | Received a gift from Nemelex Xobeh
 14804 | Lair:1   | Noticed Harold
 15022 | Lair:1   | Killed Harold
 15366 | Lair:1   | Noticed a six-headed hydra
 15375 | Lair:1   | Found a transporter.
 15443 | Lair:1   | Found a transporter.
 15448 | Lair:1   | Noticed Ceckukk's ghost (journeyman GrEE)
 15524 | Lair:1   | Received a gift from Nemelex Xobeh
 15873 | Lair:2   | Learned a level 3 spell: Conjure Flame
 15987 | Lair:2   | Reached XP level 13. HP: 101/101 MP: 26/26
 16000 | Lair:2   | Found a staircase to the Swamp.
 16573 | Lair:2   | Received a gift from Nemelex Xobeh
 16729 | Lair:2   | Found a hole to the Spider Nest.
 17372 | Lair:2   | Received a gift from Nemelex Xobeh
 18197 | Lair:3   | Noticed Snorg
 18334 | Lair:3   | Identified the -2 quarterstaff of the Vestibule of Hell
                  | {chaos, *Drain rF+ rC+}
 18339 | Lair:3   | Killed Snorg
 18579 | Lair:3   | Received a gift from Nemelex Xobeh
 18893 | Lair:4   | Found a dark tunnel.
 18914 | Volcano  | Entered a volcano
 19170 | Volcano  | Reached ****** piety under Nemelex Xobeh
 19233 | Volcano  | Noticed a fire dragon
 19276 | Volcano  | Found a burning altar of Makhleb.
 19295 | Volcano  | Killed a fire dragon
 19674 | Lair:4   | Received a gift from Nemelex Xobeh
 19918 | Lair:4   | Reached skill level 10 in Spellcasting
 20002 | Lair:4   | Reached XP level 14. HP: 75/109 MP: 28/28
 20939 | Lair:4   | Received a gift from Nemelex Xobeh
 21008 | Lair:5   | Reached skill level 10 in Fighting
 21008 | Lair:5   | Reached skill level 10 in Long Blades
 21008 | Lair:5   | Reached skill level 10 in Dodging
 21323 | Lair:5   | Found a large runed translucent door.
 21323 | Lair:5   | Found a large runed translucent door.
 21324 | Lair:5   | Noticed Qeimiotua's ghost (journeyman MiFi)
 21768 | Lair:5   | Received a gift from Nemelex Xobeh
 21958 | Lair:5   | Found a staircase to the Slime Pits.
 22074 | Lair:5   | Received a gift from Nemelex Xobeh
 22507 | Lair:6   | Entered Level 6 of the Lair of Beasts
 22677 | Lair:6   | Reached skill level 10 in Invocations
 22708 | Lair:6   | Got a pair of slimy boots
 22719 | Lair:6   | Identified the -5 pair of boots of Daffodils {rF+ rC+ rN+
                  | Slay+2} (You found it on level 6 of the Lair of Beasts)
 23125 | Lair:6   | Received a gift from Nemelex Xobeh
 23127 | Lair:6   | Identified a scroll of acquirement
 23128 | Lair:6   | Got a spiked hat
 23139 | Lair:6   | Identified the +0 hat of Context {Str+3} (You acquired it
                  | on level 6 of the Lair of Beasts)
 24071 | Lair:6   | Reached XP level 15. HP: 62/117 MP: 29/29
 24248 | Lair:6   | Reached skill level 10 in Throwing
 24248 | Lair:6   | Reached skill level 10 in Armour
 25025 | Lair:6   | Received a gift from Nemelex Xobeh
 25504 | Lair:6   | Reached skill level 10 in Translocations
 26057 | Lair:6   | Reached skill level 10 in Short Blades
 26057 | Lair:6   | Reached skill level 10 in Axes
 26057 | Lair:6   | Reached skill level 10 in Maces & Flails
 26057 | Lair:6   | Reached skill level 10 in Polearms
 26057 | Lair:6   | Reached skill level 10 in Staves
 26057 | Lair:6   | Reached skill level 10 in Slings
 26057 | Lair:6   | Reached skill level 10 in Bows
 26057 | Lair:6   | Reached skill level 10 in Crossbows
 26057 | Lair:6   | Reached skill level 10 in Stealth
 26057 | Lair:6   | Reached skill level 10 in Shields
 26057 | Lair:6   | Reached skill level 10 in Unarmed Combat
 26057 | Lair:6   | Reached skill level 10 in Evocations
 26422 | Lair:5   | Killed Qeimiotua's ghost
 26429 | Lair:5   | Got a bound granite ring
 27063 | D:11     | Identified the ring of Fatigue {Int+3 Stlth+} (You found it
                  | on level 5 of the Lair of Beasts)
 27287 | D:12     | Got a smoking platinum ring
 27485 | D:12     | Received a gift from Nemelex Xobeh
 27605 | D:12     | Found a shadowy altar of Dithmenos.
 27682 | D:12     | Noticed Urug
 27700 | D:12     | Killed Urug
 28209 | D:12     | Found a portal to a secret trove of treasure.
 28461 | D:13     | Killed from afar by a wizard

Skill      XL: |  1  2  3  4  5  6  7  8  9 10 11 12 13 14 15 |
---------------+----------------------------------------------+-----
Spellcasting   | 5 6 7 8 9 10 11 | 11.3
Invocations    | 1 2 3 4 5 6 7 8 9 10 11 | 11.0
Short Blades   | 1 2 3 4 5 6 7 8 9 10 | 10.2
Axes           | 1 2 3 4 5 6 7 8 9 10 | 10.2
Maces & Flails | 1 2 3 4 5 6 7 8 9 10 | 10.2
Polearms       | 1 2 3 4 5 6 7 8 9 10 | 10.2
Staves         | 1 2 3 4 5 6 7 8 9 10 | 10.2
Slings         | 1 2 3 4 5 6 7 8 9 10 | 10.2
Bows           | 1 2 3 4 5 6 7 8 9 10 | 10.2
Crossbows      | 1 2 3 4 5 6 7 8 9 10 | 10.2
Stealth        | 1 2 3 4 5 6 7 8 9 10 | 10.2
Shields        | 1 2 3 4 5 6 7 8 9 10 | 10.2
Unarmed Combat | 1 2 3 4 5 6 7 8 9 10 | 10.2
Evocations     | 1 2 3 4 5 6 7 8 9 10 | 10.2
Conjurations   | 1 2 3 4 5 6 7 8 |  8.6
Hexes          | 1 2 3 4 5 6 7 8 |  8.6
Charms         | 1 2 3 4 5 6 7 8 |  8.6
Summonings     | 1 2 3 4 5 6 7 8 |  8.6
Necromancy     | 1 2 3 4 5 6 7 8 |  8.6
Transmutations | 1 2 3 4 5 6 7 8 |  8.6
Fire Magic     | 1 2 3 4 5 6 7 8 |  8.6
Ice Magic      | 1 2 3 4 5 6 7 8 |  8.6
Air Magic      | 1 2 3 4 5 6 7 8 |  8.6
Earth Magic    | 1 2 3 4 5 6 7 8 |  8.6
Poison Magic   | 1 2 3 4 5 6 7 8 |  8.6
Throwing       | 3 4 5 6 7 8 9 10 | 10.5
Armour         | 3 4 5 6 7 8 9 10 | 10.5
Fighting       | 5 6 7 8 9 10 11 | 11.1
Long Blades    | 5 6 7 8 9 10 11 | 11.1
Dodging        | 5 6 7 8 9 10 11 | 11.1
Translocations | 6 7 8 9 10 | 10.2

Action                   |  1- 3 |  4- 6 |  7- 9 | 10-12 | 13-15 || total
-------------------------+-------+-------+-------+-------+-------++-------
Melee: Falchion          |   111 |    34 |       |       |       ||   145
       Bite              |    12 |    25 |    56 |   107 |   190 ||   390
       Punch             |     1 |     2 |     3 |       |       ||     6
       Mace              |       |   115 |    32 |       |       ||   147
       Dagger            |       |    77 |   161 |       |       ||   238
       Whip              |       |       |   137 |       |       ||   137
       Great sword       |       |       |    69 |   727 |   306 ||  1102
       Broad axe         |       |       |       |       |   949 ||   949
 Cast: Shroud of Golubri |     1 |     1 |     2 |     9 |     4 ||    17
       Olgreb's Toxic Ra |       |       |       |       |     3 ||     3
       Conjure Flame     |       |       |       |       |     2 ||     2
Invok: Stack Five        |       |       |       |       |     2 ||     2
 Abil: Draw Destruction  |       |     3 |     9 |     6 |     8 ||    26
       Draw Escape       |       |       |       |     2 |     1 ||     3
       Draw Summoning    |       |       |       |     3 |     5 ||     8
Evoke: Wand              |       |       |       |     6 |     5 ||    11
  Use: Scroll            |       |     4 |     6 |     5 |    18 ||    33
       Potion            |       |     1 |       |       |     1 ||     2
 Stab: Sleeping          |       |     1 |       |    18 |     2 ||    21
       Distracted        |       |       |     1 |     2 |     3 ||     6
       Paralysed         |       |       |       |     4 |       ||     4
       Petrifying        |       |       |       |       |     1 ||     1
       Confused          |       |       |       |       |     3 ||     3
       Petrified         |       |       |       |       |     1 ||     1
  Eat: Chunk             |     1 |    10 |    12 |    21 |    35 ||    79
       Ration            |       |       |       |     3 |     2 ||     5
Armor: Leather armour    |    18 |     6 |       |       |       ||    24
       Chain mail        |       |   111 |   188 |       |   434 ||   733
       Ring mail         |       |       |       |   227 |   140 ||   367
       Skin              |       |       |       |       |    20 ||    20
Dodge: Dodged            |    93 |   117 |   272 |   693 |  1017 ||  2192
Block: Other             |       |    14 |    76 |   200 |   126 ||   416
       Reflection        |       |       |     6 |     4 |    39 ||    49
       Shield            |       |       |       |       |  1160 ||  1160
       Rpst.: Falchion   |    34 |    12 |       |       |       ||    46
       Great sword       |       |       |    18 |   192 |   110 ||   320
